 Dungeon Crawl Stone Soup version 0.19.1 (webtiles) character file.

191 lorenzova the Conjurer (level 5, -1/28 HPs)
             Began as a Deep Elf Conjurer on Dec 24, 2016.
             Slain by a centaur (2 damage)
             ... on level 3 of the Dungeon.
             The game lasted 00:06:05 (3013 turns).

lorenzova the Conjurer (Deep Elf Conjurer)          Turns: 3013, Time: 00:06:05

Health: -1/28      AC:  6    Str:  5    XL:     5   Next: 41%
Magic:  0/15       EV: 15    Int: 21    God:
Gold:   131        SH:  0    Dex: 15    Spells: 2 memorised, 10 levels left

rFire  . . .     SeeInvis .     (no weapon)
rCold  . . .     Gourm    .     a - +0 robe
rNeg   . . .     Faith    .     (no shield)
rPois  .         Spirit   .     d - +1 hat
rElec  .         Reflect  .     (no cloak)
rCorr  .         Harm     .     (no gloves)
MR     .....                    (no boots)
Stlth  ++........               (no amulet)
                                q - +3 ring of protection
                                e - +2 ring of evasion

@: very slightly contaminated
A: no striking features
a: no special abilities


You were on level 3 of the Dungeon.
You were not hungry.

You visited 1 branch of the dungeon, and saw 3 of its levels.

You collected 131 gold pieces.

Inventory:

Armour
 a - a +0 robe (worn)
 d - a +1 hat (worn)
Jewellery
 e - a +2 ring of evasion (left hand)
 q - a +3 ring of protection (right hand)
Wands
 w - a wand of slowing (18/48)
Scrolls
 f - 3 scrolls of teleportation {unknown}
 h - a scroll of blinking {unknown}
 j - a scroll of fear {unknown}
 l - 7 scrolls of identify {unknown}
 m - a scroll of noise {unknown}
 o - a scroll of enchant armour {unknown}
 s - a scroll of amnesia {unknown}
Potions
 g - 2 potions of lignification {unknown}
 k - 2 potions of agility {unknown}
 n - a potion of curing {unknown}
 p - a potion of magic {unknown}
 t - a potion of brilliance {unknown}
 v - a potion of flight {unknown}
Books
 b - a book of Conjurations

   Spells                             Type                      Level
   a - Magic Dart                     Conjuration                  1
   b - Searing Ray                    Conjuration                  2
   c - Dazzling Spray                 Conjuration/Hexes            3
   d - Fulminant Prism                Conjuration/Hexes            4
   e - Iskenderun's Mystic Blast      Conjuration                  4
   f - Iskenderun's Battlesphere      Conjuration/Charms           5
Comestibles
 c - 3 bread rations
 i - 2 meat rations
 r - a slice of pizza
 u - 3 fruits


   Skills:
 - Level 2.4 Dodging
 - Level 2.4 Stealth
 + Level 5.7 Spellcasting
 + Level 6.1 Conjurations


You had 10 spell levels left.
You knew the following spells:

 Your Spells              Type           Power        Failure   Level  Hunger
a - Magic Dart            Conj           ####         1%          1    None
b - Iskenderun's Mystic   Conj           ####....     10%         4    ####...


Dungeon Overview and Level Annotations

Branches:
Dungeon (3/15)

Altars:


Message History

The centaur unwields an uncursed shortbow.
The centaur closely misses you.
You see here 3 arrows.
Casting: Iskenderun's Mystic Blast
Confirm with . or Enter, or press ? or * to list all spells.
Aiming: Iskenderun's Mystic Blast
Press: ? - help, Shift-Dir - straight line, f/p - centaur
Aim: a centaur (heavily wounded)
The orb of energy hits the centaur.
The centaur is almost dead.
The orb of energy explodes!
The centaur completely misses you. The centaur hits you.
* * * LOW HITPOINT WARNING * * *
You hit the centaur.
The centaur is almost dead.
The centaur misses you.
You hit the centaur but do no damage.
The centaur is almost dead.
The centaur hits you.
You die...

.......... #.
######.#. .. #.##
#. #.# #. # #.#
.#####.###
#.######.#
.........
.[.....#)##
..)...c.#
#.#........ #@#
#.....^..## #(#
#.......... #(#
#.........# #.#
#.........# #.#
##......... #.#
##.....### #.#
##...## #.# ####
#>################


You could see a centaur.

Vanquished Creatures
  2 orc priests (D:3)
  Terence (D:2)
  2 adders
  4 worms
  4 dart slugs
  3 orcs (D:3)
  5 giant cockroaches
  3 goblins
  10 hobgoblins
  8 jackals (D:2)
  10 bats
  2 frilled lizards
  5 kobolds
  A leopard gecko skeleton (D:3)
  6 rats
66 creatures vanquished.

Notes
Turn   | Place    | Note
-------+----------+-------------------------------------------
     0 | D:1      | lorenzova the Deep Elf Conjurer began the quest for the Orb.
     0 | D:1      | Reached XP level 1. HP: 10/10 MP: 6/6
   210 | D:1      | Reached XP level 2. HP: 15/15 MP: 4/8
   630 | D:1      | Reached skill level 5 in Conjurations
   891 | D:2      | Reached XP level 3. HP: 19/19 MP: 8/10
  1765 | D:2      | Reached XP level 4. HP: 24/24 MP: 4/12
  1771 | D:2      | Learned a level 4 spell: Iskenderun's Mystic Blast
  1828 | D:2      | Noticed Terence
  1837 | D:2      | Killed Terence
  2453 | D:3      | Reached skill level 5 in Spellcasting
  2738 | D:3      | Reached skill level 6 in Conjurations
  2738 | D:3      | Reached XP level 5. HP: 19/28 MP: 3/14
  3003 | D:3      | Noticed a centaur
  3011 | D:3      | HP: 1/28 [centaur (1)]
  3013 | D:3      | Slain by a centaur

Skill      XL: |  1  2  3  4 |
---------------+-------------+-----
Conjurations   | 5 6 |  6.1
Spellcasting   | 4 5 |  5.7
Dodging        | |  2.4
Stealth        | |  2.4

Action                   |  1- 3 |  4- 6 || total
-------------------------+-------+-------++-------
Melee: Unarmed           |    16 |     4 ||    20
 Cast: Magic Dart        |   104 |    45 ||   149
       Iskenderun's Myst |       |     6 ||     6
  Eat: Chunk             |     2 |     5 ||     7
Armor: Robe              |     7 |     1 ||     8
Dodge: Dodged            |    32 |     7 ||    39
